 Dungeon Crawl Stone Soup version 0.21.1-1-g345015f (webtiles) character file.

26 wilfster70 the Cutter (level 3, -1/24 HPs)
             Began as a Halfling Warper on June 11, 2018.
             Slain by a hobgoblin
             ... wielding a +0 club
             ... led by Robin
              (5 damage)
             ... on level 1 of the Dungeon.
             The game lasted 00:04:11 (1321 turns).

wilfster70 the Cutter (Halfling Warper)             Turns: 1321, Time: 00:04:12

Health: -1/24      AC:  3    Str: 13    XL:     3   Next: 22%
Magic:  5/5        EV: 15    Int: 11    God:
Gold:   29         SH:  0    Dex: 13    Spells: 1/5 levels left

rFire    . . .     SeeInvis .   a - +0 short sword
rCold    . . .     Gourm    .   (shield restricted)
rNeg     . . .     Faith    .   b - +0 leather armour
rPois    .         Spirit   .   (no helmet)
rElec    .         Reflect  .   (no cloak)
rCorr    .         Harm     .   (no gloves)
MR       .....                  (no boots)
Stlth    +.........             (no amulet)
HPRegen  0.08/turn              (no ring)
MPRegen  0.09/turn              (no ring)

@: no status effects
A: small, mutation resistance 1
a: no special abilities


You were on level 1 of the Dungeon.
You were not hungry.

You visited 1 branch of the dungeon, and saw 2 of its levels.

You collected 29 gold pieces.

Inventory:

Hand Weapons
 a - a +0 short sword (weapon)
Missiles
 e - 5 tomahawks of dispersal (quivered)
 g - 22 stones
Armour
 b - a +0 leather armour (worn)
Scrolls
 d - a scroll of blinking
 j - a scroll of fog {unknown}
Potions
 i - a potion of curing {unknown}
Books
 c - a book of Spatial Translocations

   Spells                             Type                      Level
   a - Blink                          Translocation                2
   b - Shroud of Golubria             Charms/Translocation         2
   c - Lesser Beckoning               Translocation                3
   d - Gell's Gravitas                Translocation                3
   e - Teleport Other                 Translocation                3
   f - Passage of Golubria            Translocation                4
Comestibles
 f - a ration
 h - a chunk of flesh


   Skills:
 - Level 1.7 Fighting
 + Level 3.6 Short Blades
 - Level 1.0 Throwing
 - Level 1.1 Armour
 + Level 2.9 Dodging
 - Level 1.5 Spellcasting
 - Level 3.2 Translocations


You had one spell level left.
You knew the following spells:

 Your Spells              Type           Power        Failure   Level  Hunger
a - Blink                 Tloc           N/A          16%         2    ###....
b - Shroud of Golubria    Chrm/Tloc      #.........   30%         2    ###....


Dungeon Overview and Level Annotations

Branches:
Dungeon (2/15)

Altars:

Annotations:
D:2 Robin


Innate Abilities, Weirdness & Mutations

You are small and have problems with some larger weapons.
You are somewhat resistant to further mutation.


Message History

The goblin is heavily wounded.
The hobgoblin hits you with a club.
The hobgoblin moves out of view.
The goblin hits you but does no damage.
You hit the goblin.
You kill the goblin!
The hobgoblin hits you but does no damage.
You see here 13 gold pieces.
There is a stone staircase leading up here.
The hobgoblin no longer looks unusually strong.
The hobgoblin completely misses you.
You climb upwards.
There is a stone staircase leading down here.
You barely miss the hobgoblin. The hobgoblin closely misses you.
You hit the hobgoblin but do no damage. The hobgoblin barely misses you.
You barely miss the hobgoblin. The hobgoblin hits you with a club.
* * * LOW HITPOINT WARNING * * *
You hit the hobgoblin.
The hobgoblin is severely wounded.
The hobgoblin hits you with a club.
You die...

#..........##).........
#..........###########.
#.............# ####..
#..........##.####.....
#...........#.#....###.
#...........#...#### #.
#####.......#..## #.
#).g..#..#.#######.
#.@..............#.
##.#.##.##..####..)
#.#.##.......###..
#####.#.####..##......
#.......####..##..##..
##.###.#.......##....#.
#......#...##.####.#...
#........#.##.####.#...
#......#.#.##......#..#


You could see a hobgoblin.

Vanquished Creatures
  2 giant cockroaches (D:1)
  7 goblins
  2 hobgoblins (D:1)
  A ball python (D:1)
  A bat (D:1)
  3 frilled lizards (D:1)
  2 kobolds
  9 rats (D:1)
27 creatures vanquished.

Notes
Turn   | Place    | Note
-------+----------+-------------------------------------------
     0 | D:1      | wilfster70 the Halfling Warper began the quest for the Orb.
     0 | D:1      | Reached XP level 1. HP: 14/14 MP: 3/3
   552 | D:1      | Reached XP level 2. HP: 13/19 MP: 4/4
   556 | D:1      | Learned a level 2 spell: Blink
   559 | D:1      | Learned a level 2 spell: Shroud of Golubria
  1114 | D:1      | Reached XP level 3. HP: 22/24 MP: 5/5
  1297 | D:2      | Noticed Robin
  1321 | D:1      | Slain by a hobgoblin

Skill      XL: |  1  2 |
---------------+-------+-----
Short Blades   | 3 |  3.6
Fighting       | |  1.7
Throwing       | |  1.0
Armour         | |  1.1
Dodging        | |  2.9
Spellcasting   | |  1.5
Translocations | |  3.2

Action                   || total
-------------------------++-------
Melee: Short sword       ||   108
  Eat: Chunk             ||     1
Armor: Leather armour    ||    17
Dodge: Dodged            ||    80
